 Dungeon Crawl Stone Soup version 0.31-a0-544-gceb718ecc6 (webtiles) character file.

Game seed: 5816637054054083924

183 randomguy2701 the Grave Robber (level 5, 0/28 HPs)
             Began as a Deep Elf Necromancer on Aug 15, 2023.
             Slain by a water moccasin zombie (1 damage)
             ... in an ossuary.
             The game lasted 00:06:08 (3198 turns).

randomguy2701 the Grave Robber (DENe)               Turns: 3198, Time: 00:06:08

Health: 0/28       AC:  2    Str:  5    XL:     5   Next: 35%
Magic:  15/15      EV: 13    Int: 22    God:
Gold:   181        SH:  5    Dex: 15    Spells: 9/15 levels left

rFire   + . .        x - +0 shortbow
rCold   . . .        (shield currently unavailable)
rNeg    . . .        a - +0 robe
rPois   .            (no helmet)
rElec   .            (no cloak)
rCorr   .            (no gloves)
SInv    .            (no boots)
Will    .....        r - amulet of reflection
Stlth   ++           i - ring of protection from fire
HPRegen 0.24/turn    w - ring of flight
MPRegen 0.14/turn

%: reflection
@: flying
A: no striking features
a: no special abilities


You were in an ossuary.
You visited 1 branch of the dungeon, and saw 4 of its levels.
You also visited: Ossuary.

You collected 181 gold pieces.

Inventory:

Hand Weapons
 x - a +0 shortbow (weapon)
Armour
 a - a +0 robe (worn)
Jewellery
 h - an amulet of guardian spirit
 i - a ring of protection from fire (left hand)
 r - an amulet of reflection (around neck)
 w - a ring of flight (right hand)
Scrolls
 c - a scroll of revelation {unknown}
 d - 2 scrolls of identify {unknown}
 e - 2 scrolls of fear {unknown}
 j - a scroll of vulnerability {unknown}
 l - a scroll of teleportation {unknown}
 m - a scroll of blinking {unknown}
 n - 2 scrolls of poison {unknown}
 q - a scroll of amnesia {unknown}
 t - a scroll of enchant armour {unknown}
Potions
 b - a potion of magic
 f - 2 potions of lignification {unknown}
 g - a potion of curing {unknown}
 k - a potion of mutation {unknown}
 o - a potion of haste {unknown}
 p - a potion of heal wounds {unknown}
 s - a potion of enlightenment {unknown}
 u - a potion of ambrosia {unknown}
 v - a potion of cancellation {unknown}


   Skills:
 + Level 2.7 Dodging
 + Level 2.7 Stealth
 + Level 5.5 Spellcasting
 + Level 6.5 Necromancy


You had 9 spell levels left.
You knew the following spells:

 Your Spells              Type           Power      Damage    Failure   Level
a - Necrotise             Necr           100%       1d9       1%          1
b - Vampiric Draining     Necr           35%        2d8       1%          3
c - Wereblood             Tmut           6%         N/A       14%         2

Your spell library contained the following spells:

 Spells                   Type           Power      Damage    Failure   Level
 Animate Dead             Necr           35%        N/A       6%          4
 Agony                    Necr           35%        N/A       19%         5
 Irradiate                Conj/Tmut      3%         3d12      95%         5


Dungeon Overview and Level Annotations

Branches:
Dungeon (4/15)            Ossuary (1/1)
 Temple: D:4-7

Altars:
Zin

Shops:
D:1 :


Message History

The arrow barely misses the water moccasin zombie.
The arrow hits the adder zombie.
The adder zombie is heavily damaged.
The water moccasin zombie bites you.
* * * LOW HITPOINT WARNING * * *
Fire: x) +0 shortbow
Press: ? - help, Q - select action, (/) - cycle Shift-Dir - straight line, f/p - water moccasin zombie
Aim: a water moccasin zombie (almost destroyed, 57% to hit)
You shoot an arrow.
The arrow barely misses the water moccasin zombie.
The arrow closely misses the adder zombie.
The water moccasin zombie bites you.
* * * LOW HITPOINT WARNING * * *
The water moccasin zombie closely misses you.
Fire: x) +0 shortbow
Press: ? - help, Q - select action, (/) - cycle Shift-Dir - straight line, f/p - water moccasin zombie
Aim: a water moccasin zombie (almost destroyed, 57% to hit)
You shoot an arrow.
The arrow barely misses the water moccasin zombie.
The arrow closely misses the adder zombie.
The water moccasin zombie closely misses you.
The water moccasin zombie barely misses you.
Fire: x) +0 shortbow
Press: ? - help, Q - select action, (/) - cycle Shift-Dir - straight line, f/p - water moccasin zombie
Aim: a water moccasin zombie (almost destroyed, 57% to hit)
You shoot an arrow.
The arrow closely misses the water moccasin zombie.
The arrow hits the adder zombie.
The adder zombie is heavily damaged.
The water moccasin zombie bites you.
* * * LOW HITPOINT WARNING * * *
Fire: x) +0 shortbow
Press: ? - help, Q - select action, (/) - cycle Shift-Dir - straight line, f/p - water moccasin zombie
Aim: a water moccasin zombie (almost destroyed, 57% to hit)
You shoot an arrow.
The arrow hits the water moccasin zombie.
The water moccasin zombie is almost destroyed.
You block the water moccasin zombie's attack.
The water moccasin zombie bites you.
You die... #+### #...# #...# #...# ZZ.

##Z## #.@.#
#...# #...#
#...# #'###
#...# ###
#####...#
#!?!?#...#...#
+?)$!#.∩.'...#


You could see an adder zombie, a water moccasin zombie and a gnoll zombie.

Vanquished Creatures
  Terence (D:3)
  3 adders
  An adder zombie (Ossuary)
  6 worms
  A dart slug (D:1)
  9 orcs
  11 ball pythons
  9 bats
  7 endoplasms
  3 giant cockroaches
  5 hobgoblins
  8 kobolds
  2 quokkas (D:1)
  13 frilled lizards
  7 goblins
  A kobold zombie (Ossuary)
  4 rats (D:1)
91 creatures vanquished.

Vanquished Creatures (collateral kills)
  A shadow imp (D:3)
  A ball python (D:1)
  An endoplasm (D:1)
  A quokka (D:2)
  A frilled lizard (D:3)
5 creatures vanquished.

Grand Total: 96 creatures vanquished

Notes
Turn   | Place    | Note
-------+----------+-------------------------------------------
     0 | D:1      | randomguy2701 the Deep Elf Necromancer began the quest for
                  | the Orb.
     0 | D:1      | Reached XP level 1. HP: 10/10 MP: 6/6
    34 | D:1      | Reached skill level 5 in Necromancy
    66 | D:1      | Found Alijekh's Book Emporium.
   118 | D:1      | Reached XP level 2. HP: 15/15 MP: 5/8
   549 | D:1      | Reached XP level 3. HP: 19/19 MP: 7/9
   733 | D:1      | Learned a level 3 spell: Vampiric Draining
   894 | D:2      | Found a glowing silver altar of Zin.
  1065 | D:2      | Found a faded altar of an unknown god.
  1352 | D:2      | Reached skill level 6 in Necromancy
  1447 | D:2      | Reached XP level 4. HP: 24/24 MP: 3/12
  1767 | D:3      | Noticed Terence
  1773 | D:3      | Killed Terence
  2106 | D:3      | Reached skill level 5 in Spellcasting
  2307 | D:3      | Reached XP level 5. HP: 28/28 MP: 10/14
  3014 | D:4      | Found a sand-covered staircase.
  3020 | D:4      | Learned a level 2 spell: Wereblood
  3156 | Ossuary  | Entered an ossuary
  3197 | Ossuary  | HP: 1/28 [water moccasin zombie (6)]
  3198 | Ossuary  | Slain by a water moccasin zombie

Illustrated notes

Levels and vault maps discovered:
D:1:      wander_arrival_chamber, layout_rooms, serial_shops, shop
D:2:      layout_rooms, hellmonk_ecumenical_altar_crossroads, basic_altar,
          minmay_3d_cube
D:3:      layout_basic, minmay_lizard_king, uniq_terence
D:4:      layout_cave_pools, enter_ossuary_4, kennysheep_cross_room,
          minmay_diced_spiral
Ossuary:  ossuary_tomb_2

Skill      XL: |  1  2  3  4 |
---------------+-------------+-----
Necromancy     | 5 6 |  6.5
Spellcasting   | 4 5 |  5.5
Dodging        | |  2.7
Stealth        | |  2.7

Action                     |  1- 3 |  4- 6 || total
---------------------------+-------+-------++-------
  Melee: Unarmed           |     1 |       ||     1
   Fire: Shortbow          |       |    26 ||    26
   Cast: Necrotise         |    77 |    79 ||   156
         Wereblood         |       |     2 ||     2
 Armour: Robe              |     1 |     5 ||     6
  Dodge: Dodged            |     9 |    20 ||    29
  Block: Other             |       |     4 ||     4

Table legend: (Time is in decaauts)
 A = Elapsed time spent in this place.
 B = Non-inter-level travel time spent in this place.
 C = Inter-level travel time spent in this place.
 D = Time resting spent in this place.
 E = Time spent auto-exploring this place.
 F = Levels seen in this place.
 G = Mean time per level.
                   A        B        C        D        E       F      G
               +--------+--------+--------+--------+--------+-----+--------+
         Total |   3206 |   3029 |    177 |      0 |   2460 |   5 |  641.2 |
       Dungeon |   3154 |   2977 |    177 |      0 |   2460 |   4 |  788.5 |
       Ossuary |     51 |     51 |      0 |      0 |      0 |   1 |   51.0 |
               +--------+--------+--------+--------+--------+-----+--------+

Top non-repeatable levels by time:
     D:3: 1276 daAuts
     D:1: 884 daAuts
     D:2: 712 daAuts
     D:4: 281 daAuts
 Ossuary: 51 daAuts
